 Dungeon Crawl Stone Soup version 0.29.0 (webtiles) character file.

Game seed: 8945239982738821602

3711771 Toastz the Crack Shot (level 26, 234/234 HPs)
             Began as a Red Draconian Hunter on Aug 26, 2022.
             Was the Champion of Hepliaklqana.
             Escaped with the Orb
             ... and 5 runes on Aug 27, 2022!
             The game lasted 04:34:06 (55961 turns).

Toastz the Crack Shot (Red Draconian Hunter)       Turns: 55961, Time: 04:34:07

Health: 234/234    AC: 21    Str: 19    XL:     26   Next: 89%
Magic:  33/33      EV: 48    Int: 13    God:    Hepliaklqana [******]
Gold:   1500       SH:  0    Dex: 39    Spells: 18/39 levels left

rFire   + + .      SeeInvis +   a - +9 triple crossbow (vorpal)
rCold   + . .      Faith    .   (shield currently unavailable)
rNeg    . . .      Spirit   .   (body armour unavailable)
rPois   +          Reflect  .   n - +3 crown of Dyrovepreva {rElec Int+2 SInv}
rElec   +          Harm     .   N - +1 cloak of Starlight {*Dazzle EV+4 Stlth--}
rCorr   .          Rampage  .   H - +0 pair of gloves of the Gastropod {*Slow Dex+9 SInv}
Will    +....                   h - +2 pair of boots "Qoffiplibb" {rPois rF+ Str+4}
Stlth   +.........              j - amulet of regeneration
HPRegen 1.29/turn               Q - ring of protection from cold
MPRegen 0.23/turn               s - +6 ring of dexterity

@: studying Short Blades
A: reduced essence, breathe fire, AC +12, unfitting armour, fire resistance 1,
cold-blooded, stinger 1, talons 2, poison resistance, screaming 1
0: Orb of Zot
}: 5/15 runes: barnacled, slimy, silver, abyssal, gossamer
a: Breathe Fire, Renounce Religion, Recall Ancestor, Ancestor Identity,
Transference, Idealise


You escaped.
You worshipped Hepliaklqana.
Hepliaklqana was exalted by your worship.
You visited 11 branches of the dungeon, and saw 53 of its levels.
You visited the Abyss 1 time.
You visited 1 bazaar.
You also visited: Ice Cave.

You collected 6784 gold pieces.
You spent 5284 gold pieces at shops.

Inventory:

Hand Weapons
 a - a +9 vorpal triple crossbow (weapon)
 b - the +6 arbalest "Damnation" {damnation}
   (You acquired it on level 1 of the Shoals)

   Any ammunition fired from it explodes in a burst of damnation on striking a
   foe, dealing damage which bypasses armour.
Armour
 h - the +2 pair of boots "Qoffiplibb" (worn) {rPois rF+ Str+4}
   (You acquired it on level 2 of the Vaults)

   Str:       It affects your strength (+4).
   rF:        It protects you from fire.
   rPois:     It protects you from poison.
 n - the +3 crown of Dyrovepreva (worn) {rElec Int+2 SInv}
   (You bought it in a shop in a bazaar)

   Int:       It affects your intelligence (+2).
   rElec:     It insulates you from electricity.
   SInv:      It lets you see invisible.
 r - a scarf of invisibility
 H - the +0 pair of gloves of the Gastropod (worn) {*Slow Dex+9 SInv}
   (You bought it in a shop on level 1 of the Shoals)

   Dex:       It affects your dexterity (+9).
   SInv:      It lets you see invisible.
   *Slow:     It may slow you when you take damage.
 I - the +2 hat "Tuxt" {Harm rPois rC++ Int-2}
   (You found it on level 3 of the Depths)

   Int:       It affects your intelligence (-2).
   rC:        It greatly protects you from cold.
   rPois:     It protects you from poison.
   Harm:      It increases damage dealt and taken.
 N - the +1 cloak of Starlight (worn) {*Dazzle EV+4 Stlth--}
   (You found it on level 2 of the Depths)

   It may blind those who miss an attack against the wearer in melee combat.
   EV:        It affects your evasion (+4).
   Stlth:     It makes you much less stealthy.
 R - the +2 pair of gloves of Beoweles {Will+}
   (You found it on level 3 of the Depths)

   Will:      It increases your willpower.
Jewellery
 j - an amulet of regeneration (around neck)
 k - a ring of resist corrosion
 s - a +6 ring of dexterity (right hand)
 x - the amulet of Elemental Vulnerability {rPois rF-- rC-- AC+8}
   (You found it on level 1 of the Lair of Beasts)

   [amulet of nothing]

   AC:        It affects your AC (+8).
   rF:        It makes you very vulnerable to fire.
   rC:        It makes you very vulnerable to cold.
   rPois:     It protects you from poison.
 A - a ring of positive energy
 F - the ring "Joequs" {rF+ Str+4 Dex+3 Slay+2}
   (You found it on level 5 of the Pits of Slime)

   [ring of protection from fire]

   Str:       It affects your strength (+4).
   Dex:       It affects your dexterity (+3).
   Slay:      It affects your accuracy & damage with ranged weapons and melee
   (+2).
   rF:        It protects you from fire.
 K - a +6 ring of dexterity
 Q - a ring of protection from cold (left hand)
 V - the amulet of the Falcon {Acrobat rF+ Will+ Int+4}
   (You bought it in a shop on level 4 of the Depths)

   [amulet of the acrobat]

   It increases your evasion while moving and waiting.
   Int:       It affects your intelligence (+4).
   rF:        It protects you from fire.
   Will:      It increases your willpower.
Wands
 t - a wand of light (24)
 J - a wand of roots (64)
 L - a wand of digging (31)
 M - a wand of charming (43)
 U - a wand of mindburst (25)
 W - a wand of polymorph (24)
Scrolls
 c - 3 scrolls of fog
 d - 16 scrolls of poison
 e - a scroll of silence
 g - 20 scrolls of teleportation
 v - 10 scrolls of immolation
 y - 10 scrolls of vulnerability
 B - 2 scrolls of summoning
 C - a scroll of brand weapon
 E - 2 scrolls of fear
 Z - 9 scrolls of blinking
Potions
 i - 10 potions of resistance
 l - 9 potions of ambrosia
 m - 6 potions of mutation
 o - 2 potions of cancellation
 p - 5 potions of berserk rage
 q - 24 potions of curing
 u - 6 potions of heal wounds
 w - 7 potions of flight
 z - 8 potions of invisibility
 G - 14 potions of magic
 O - 6 potions of brilliance
Miscellaneous
 D - a tin of tremorstones (2/2)
 P - a phial of floods
 S - a lightning rod (4/4)
 T - a phantom mirror
 X - a box of beasts (inert)
 Y - a condenser vane


   Skills:
 - Level 26.0 Fighting
 - Level 26.0 Ranged Weapons
 + Level 21.5 Dodging
 - Level 0.8 Stealth
 - Level 7.0 Spellcasting
 - Level 5.1 Hexes
 - Level 15.0 Translocations
 - Level 4.0 Transmutations
 - Level 4.0 Ice Magic
 - Level 8.0 Invocations
 - Level 14.0 Evocations


You had 18 spell levels left.
You knew the following spells:

 Your Spells              Type           Power      Damage    Failure   Level
a - Blink                 Tloc           86%        N/A       1%          2
b - Passage of Golubria   Tloc           43%        N/A       1%          4
c - Ozocubu's Armour      Ice            14%        N/A       9%          3
d - Wereblood             Tmut           14%        N/A       4%          2
e - Dispersal             Tloc           21%        N/A       4%          6
f - Apportation           Tloc           86%        N/A       1%          1
z - Portal Projectile     Hex/Tloc       60%        N/A       1%          3

Your spell library contained the following spells:

 Spells                   Type           Power      Damage    Failure   Level
 Slow                     Hex            68%        N/A       1%          1
 Gell's Gravitas          Tloc           43%        N/A       1%          3
 Lesser Beckoning         Tloc           43%        N/A       1%          3
 Teleport Other           Tloc           43%        N/A       1%          3
 Manifold Assault         Tloc           43%        N/A       1%          5
 Beastly Appendage        Tmut           28%        N/A       3%          1
 Freeze                   Ice            56%        1d7       3%          1
 Ensorcelled Hibernation  Hex/Ice        32%        N/A       3%          2
 Confusing Touch          Hex            17%        N/A       5%          3
 Tukima's Dance           Hex            17%        N/A       5%          3
 Frozen Ramparts          Ice            28%        1d5       9%          3
 Foxfire                  Conj/Fire      16%        2x1d4     16%         1
 Magic Dart               Conj           16%        1d3       16%         1
 Necrotise                Necr           16%        1d4       16%         1
 Shock                    Conj/Air       16%        1d4       16%         1
 Inner Flame              Hex/Fire       11%        N/A       16%         3
 Summon Guardian Golem    Hex/Summ       11%        N/A       16%         3
 Cause Fear               Hex            8%         N/A       19%         4
 Summon Forest            Summ/Tloc      12%        N/A       19%         5
 Spider Form              Tmut/Pois      9%         N/A       21%         3
 Poisonous Vapours        Pois/Air       8%         N/A       22%         2
 Scorch                   Fire           8%         2d5       22%         2
 Searing Ray              Conj           8%         2d4       22%         2
 Static Discharge         Conj/Air       4%         3-4/arc   22%         2
 Sublimation of Blood     Necr           4%         N/A       22%         2
 Ice Form                 Ice/Tmut       14%        N/A       28%         4
 Call Canine Familiar     Summ           4%         N/A       41%         3
 Conjure Flame            Conj/Fire      4%         6-21      41%         3
 Swiftness                Air            4%         N/A       41%         3
 Vampiric Draining        Necr           4%         2d6       41%         3
 Anguish                  Hex/Necr       5%         N/A       47%         4
 Fulminant Prism          Conj/Hex       5%         3d7       47%         4
 Leda's Liquefaction      Hex/Erth       5%         N/A       47%         4
 Hailstorm                Conj/Ice       9%         3d4       54%         4
 Summon Ice Beast         Ice/Summ       9%         N/A       54%         4
 Yara's Violent Unravell  Hex/Tmut       8%         3d5       54%         5
 Airstrike                Air            2%         2d(1-17)  83%         4
 Animate Dead             Necr           4%         N/A       83%         4
 Corpse Rot               Necr/Pois/Air  4%         N/A       83%         4
 Dispel Undead            Necr           4%         3d7       83%         4
 Flame Wave               Conj/Fire      4%         2d5       83%         4
 Olgreb's Toxic Radiance  Pois           4%         N/A       83%         4
 Sticky Flame             Conj/Fire      4%         2d3       83%         4
 Summon Lightning Spire   Summ/Air       4%         N/A       83%         4
 Silence                  Hex/Air        5%         N/A       83%         5
 Summon Mana Viper        Hex/Summ       11%        N/A       83%         5
 Alistair's Intoxication  Tmut/Pois      6%         N/A       88%         5
 Disjunction              Tloc           21%        N/A       91%         8
 Freezing Cloud           Conj/Ice/Air   4%         6-21      94%         5
 Agony                    Necr           4%         N/A       99%         5
 Borgnjor's Vile Clutch   Necr/Erth      2%         N/A       99%         5
 Fireball                 Conj/Fire      2%         3d4       99%         5
 Lightning Bolt           Conj/Air       2%         1d13      99%         5
 Malign Gateway           Summ/Tloc      12%        N/A       99%         7
 Death Channel            Necr           2%         N/A       100%        6
 Eringya's Noxious Bog    Tmut/Pois      4%         N/A       100%        6
 Simulacrum               Ice/Necr       4%         N/A       100%        6
 Statue Form              Tmut/Erth      6%         N/A       100%        6
 Summon Cactus Giant      Summ           2%         N/A       100%        6
 Enfeeble                 Hex            8%         N/A       100%        7
 Haunt                    Necr/Summ      2%         N/A       100%        7
 Monstrous Menagerie      Summ           2%         N/A       100%        7
 Orb of Destruction       Conj           2%         9d5       100%        7
 Ozocubu's Refrigeration  Ice            7%         4d9       100%        7
 Spellforged Servitor     Conj/Summ      2%         N/A       100%        7
 Storm Form               Tmut/Air       4%         N/A       100%        7
 Summon Hydra             Summ           2%         N/A       100%        7
 Discord                  Hex            8%         N/A       100%        8
 Ignition                 Fire           2%         3d3       100%        8
 Infestation              Necr           2%         N/A       100%        8
 Maxwell's Capacitive Co  Air            2%         ∞         100%        8
 Summon Horrible Things   Summ           2%         N/A       100%        8
 Polar Vortex             Ice            7%         N/A       100%        9
 Animate Armour           Summ/Erth      Unusable   N/A       N/A         4

Dungeon Overview and Level Annotations

Branches:
Dungeon (15/15)            Temple (1/1) D:5            Lair (5/5) D:9
 Shoals (4/4) Lair:2       Spider (4/4) Lair:2        Slime (5/5) Lair:4
    Orc (2/2) D:11            Elf (3/3) Orc:2        Vaults (5/5) D:14
  Crypt (0/3) Vaults:2     Depths (4/4) D:15            Zot (5/5) Depths:4
  IceCv (visited)

Altars:
Ashenzari
Cheibriados
Dithmenos
Elyvilon
Fedhas
Gozag
Hepliaklqana
Kikubaaqudgha
Makhleb
Nemelex Xobeh
Okawaru
Qazlal
Ru
Sif Muna
Trog
Uskayaw
Vehumet
Wu Jian
Xom
Yredelemnul
Zin
The Shining One
Jiyva
Lugonu

Shops:
D:10 *   Orc:2 :*[(   Elf:2 **   Shoals:1 *   Shoals:3 [   Vaults:2 [![(
Vaults:4 (   Depths:4 =:=

Portals:
Hell: Depths:1 Depths:2 Depths:3 Depths:4
Abyss: Depths:1 Depths:3
Pandemonium: Depths:2 Depths:3
Ziggurat: Depths:1

Annotations:
Elf:2 3 runed translucent doors


Innate Abilities, Weirdness & Mutations

Your life essence is reduced to manifest your ancestor. (-10% HP)
You can breathe blasts of fire.
Your fiery red scales are hard. (AC +12)
You cannot fit into any form of body armour.
Your flesh is heat resistant. (rF+)
You are cold-blooded and may be slowed by cold attacks.
Your tail ends in a venomous barb.
You have razor-sharp toenails.
Your system is resistant to poisons. (rPois)
You occasionally shout uncontrollably at your foes.


Message History

Your extra speed is starting to run out.
You feel yourself slow down.
Things that are here:
a +0 dagger; a kobold skeleton You see here 8 stones.
You hear a grinding noise.
A sixfirhy comes into view.
You yell at the sixfirhy!
A sixfirhy comes into view.
A cacodemon comes into view.
You yell at the cacodemon!
Fire: a) +9 triple crossbow (vorpal)
Press: ? - help, Q - select action, (/) - cycle Shift-Dir - straight line, f - sixfirhy
Aim: a sixfirhy (69% to hit)
You shoot a bolt. The bolt closely misses the sixfirhy.
The bolt hits the sixfirhy.
The sixfirhy is lightly wounded.
The sixfirhy barely misses you.
The sixfirhy's vision is obscured by starry radiance!
The sixfirhy completely misses you. The sixfirhy completely misses you.
The cacodemon gestures at the rock wall.
You hear a grinding noise.
A red devil comes into view. It is wielding a +0 trident.
The sixfirhy completely misses you. The sixfirhy completely misses you.
The sixfirhy hits you but does no damage.
The sixfirhy completely misses you. x3
The sixfirhy's sight is seared by the starlight!
The red devil completely misses you.
You open the door. The sixfirhy completely misses you. x2
The red devil completely misses you.
You hear a grinding noise.
There is an open door here.
The sixfirhy completely misses you. x2; The sixfirhy closely misses you.
The sixfirhy attacks as you move away! The sixfirhy completely misses you. x4
There is a staircase leading out of the dungeon here.
The sixfirhy closely misses you.
The sixfirhy hits you but does no damage.
You have escaped!

#.# ###.............### ####
#.## ##.................##
##.### ##.....(####.........##
#...###.....#####.##........##
#.#.##.....###.....###.......#
#.#.##....##....4...###......##
#.#.#....###...###4..##.......#
#.#.#....##...###'#...##......##
#..##....##....@32.....#.......#
##.##....###..##3###..#.#......#
#.###....##.....#.............#
#.# ##....#######....##........
###.##
#......####....###........
.....# ##............##
#........ ###.########......####
##........ #....### ########
#.....>... #####..##
####......(..


You could see a cacodemon, 2 sixfirhies and a red devil.

Vanquished Creatures
  the Royal Jelly (Slime:5)
  A dread lich (Abyss:5)
  6 orbs of fire
  7 ancient liches
  Mara (Spider:4)
  The ghost of Xihoome the Slayer, a veteran MiGl of Okawaru (Orc:2)
  The ghost of howech the Severer, a veteran MiGl of the Shining One (Vaults:2)
  2 Killer Klowns (Zot:5)
  The ghost of heteroy the Petrodigitator, a veteran GrEE of Vehumet (Vaults:4)
  2 curse toes
  A profane servitor (Abyss:1)
  5 golden dragons
  Nikola (Vaults:1)
  3 bone dragons
  7 electric golems
  3 liches
  16 tentacled monstrosities
  15 Orb Guardians
  A walking earthen tome (Depths:1)
  Mlioglotl (Spider:1)
  4 titans
  6 quicksilver dragons
  A walking divine tome (Depths:4)
  12 acid blobs
  2 krakens (Shoals:1)
  11 tentacled starspawn
  9 shadow dragons
  An Executioner (Abyss:1)
  7 storm dragons
  2 tengu reavers
  5 death cobs
  Donald (Elf:3)
  12 azure jellies
  Kirke (Shoals:4)
  13 rockslimes
  A revenant (Vaults:2)
  5 draconian monks
  5 fire giants
  4 frost giants
  5 emperor scorpions
  3 deep elf sorcerers
  A cacodemon (Depths:2)
  5 iron dragons
  2 draconian knights
  8 ghost moths
  A draconian scorcher (Zot:1)
  Louise (Depths:3)
  A deep elf elementalist (Elf:2)
  17 vault wardens
  2 draconian shifters
  An orc warlord (Orc:2)
  A juggernaut zombie (Depths:2)
  A curse skull (Depths:3)
  6 draconian annihilators
  3 war gargoyles
  5 broodmothers
  4 caustic shrike skeletons (Depths:2)
  8 quicksilver oozes
  10 ironbound preservers
  2 ironbound thunderhulks
  2 reapers
  4 very ugly things
  8 stone giants
  9 white draconians
  10 green draconians
  9 yellow draconians
  12 black draconians
  A minotaur (Lair:4)
  The ghost of Nyzic the Grappler, a journeyman TrMo (Lair:4)
  4 deep elf demonologists
  3 dire elephants
  7 entropy weavers
  3 deep elf annihilators
  6 red draconians
  3 purple draconians
  Snorg (D:14)
  An eidolon (Abyss:1)
  3 deep elf death magi
  3 crystal guardians
  2 merfolk javelineers
  2 blizzard demons
  11 ettins
  11 yaktaur captains
  A spectral kraken (Shoals:3)
  6 fire dragons
  2 jiangshi (Depths:3)
  A deep elf high priest (Vaults:5)
  8 merfolk impalers
  Fannar (D:12)
  5 rakshasas
  5 great orbs of eyes
  6 hydras
  2 spriggan air magi
  2 hell beasts
  13 vault guards
  A ghost crab (Shoals:3)
  2 peacekeepers (Vaults:3)
  3 boulder beetles
  2 ogre magi (Vaults:5)
  A salamander tyrant (Depths:4)
  2 radroaches (Spider:4)
  2 two-headed ogres
  4 ice dragons
  A catoblepas (D:15)
  5 merfolk aquamancers
  7 centaur warriors
  A quicksilver dragon skeleton (Depths:2)
  An ironbound frostheart (Vaults:1)
  2 alligator snapping turtles
  A jorogumo (Spider:2)
  16 dancing weapons
  3 death yaks (Lair:5)
  2 deep troll shamans
  5 tengu warriors
  2 deep troll earth magi (Depths:3)
  2 satyrs
  4 shock serpents (Zot:2)
  An orc high priest (Orc:2)
  Urug (Lair:1)
  2 hell hogs (Abyss:4)
  2 thrashing horrors (Abyss:1)
  2 vampire magi
  4 sun demons
  2 titan skeletons (Depths:2)
  6 spriggan berserkers
  5 hell knights
  7 soul eaters
  13 deep elf knights
  4 iron trolls
  A storm dragon skeleton (Depths:2)
  29 deep trolls
  A spatial maelstrom (Abyss:1)
  A fire crab (shapeshifter) (Abyss:1)
  A salamander mystic (Depths:4)
  20 skeletal warriors
  5 wretched stars
  A pharaoh ant (Spider:4)
  8 sixfirhies
  A sun moth (Spider:3)
  A shadow wraith (Abyss:5)
  7 orb spiders
  A death drake (shapeshifter) (Vaults:5)
  8 sea snakes
  A shadow demon (Abyss:5)
  A shadow dragon zombie (Depths:2)
  4 steelbarb worms
  2 obsidian statues
  A tengu zombie (Depths:2)
  9 deep elf archers
  2 flayed ghosts
  14 ironbound convokers
  7 lindwurms
  A phantasmal warrior (Vaults:4)
  8 glowing orange brains
  26 deep elf pyromancers
  5 orc knights
  10 wizards
  24 deep elf zephyrmancers
  11 harpies
  12 fauns
  5 necromancers
  A sphinx skeleton (Depths:2)
  5 orc sorcerers
  A faun (shapeshifter) (Depths:3)
  13 manticores
  5 cyclopes
  21 wolf spiders
  33 ugly things
  2 wolf spiders (shapeshifter)
  A worldbinder (Abyss:1)
  3 human zombies (Vaults:4)
  21 moths of wrath
  6 shining eyes
  A fire giant skeleton (Depths:2)
  3 tengu skeletons (Depths:2)
  Joseph (D:7)
  2 black mambas (Lair:4)
  4 frost giant skeletons (Depths:2)
  A centaur zombie (Abyss:1)
  7 salamanders
  An ice statue (IceCv)
  A stone giant skeleton (Vaults:4)
  3 water nymphs
  10 merfolk sirens
  2 guardian serpents
  14 vault sentinels
  2 apocalypse crabs
  3 smoke demons
  3 eyes of devastation (Elf:1)
  Maggie (D:10)
  3 orange demons
  An elf skeleton (Vaults:4)
  7 komodo dragons
  4 torpor snails
  3 rime drakes
  5 efreet
  23 cane toads
  A hellion (Abyss:2)
  29 yaktaurs
  4 kobold demonologists
  2 freezing wraiths
  6 tengu conjurers
  An ice devil (Depths:2)
  6 demonic crawlers
  2 meliai (Spider:2)
  6 ancient zymes
  2 hellwings
  15 merfolk
  4 wind drakes
  A silent spectre (Depths:3)
  12 trolls
  6 hornets
  3 red devils
  4 polar bears
  22 tarantellas
  12 large abominations
  2 tyrant leeches (Lair:5)
  A hydra skeleton (Abyss:1)
  10 snapping turtles
  15 dream sheep
  31 blink frogs
  3 spectral merfolk (Shoals:3)
  76 slime creatures
  A spectral manticore (Shoals:3)
  11 raiju
  21 jumping spiders
  20 culicivoras
  A spriggan skeleton (Depths:2)
  9 ynoxinuls
  13 starcursed masses
  2 shadows
  15 water elementals
  8 flying skulls
  Sigmund (D:4)
  An air elemental (Elf:2)
  5 wraiths
  A vampire (D:12)
  6 spriggans
  22 yaks
  9 small abominations
  2 fire bats (Abyss:5)
  2 hogs (Shoals:4)
  3 wyverns
  8 golden eyes
  4 basilisks
  4 steam dragons
  4 neqoxecs
  48 redbacks
  11 vampire mosquitoes
  3 chaos spawn (Abyss:1)
  5 wargs
  2 harpy simulacra
  Edmund (D:5)
  A human skeleton (Depths:2)
  6 water moccasins
  2 acid dragons
  2 nagas
  2 glowing shapeshifter skeletons
  27 orc warriors
  A sky beast (Abyss:1)
  3 ice beasts (D:7)
  An ogre (shapeshifter) (Vaults:5)
  15 centaurs
  17 ogres
  9 wolves
  2 great orb of eyes simulacra (IceCv)
  2 slime creature simulacra (IceCv)
  Blork the orc (Orc:2)
  3 kobold brigands
  10 bullfrogs
  A scorpion (D:6)
  2 glowing shapeshifter simulacra (IceCv)
  6 earth elementals
  6 wights
  4 killer bees (D:8)
  5 electric eels
  A quasit (Abyss:1)
  3 jellies
  14 orc priests
  A gnoll bouda (D:7)
  An iron imp (Abyss:1)
  2 iguanas
  19 orc wizards
  Natasha (twice) (D:2)
  5 lightning spires (Zot:2)
  5 shapeshifter simulacra (IceCv)
  5 adders
  6 gnolls
  A shadow imp (D:5)
  2 ufetubi
  A dart slug (D:3)
  59 orcs
  7 endoplasms
  2 giant cockroaches
  10 goblins
  4 hobgoblins
  16 kobolds
  3 quokkas
  8 ball pythons
  8 bats
  A frilled lizard (D:2)
  7 rats
  3 ball lightnings (Zot:2)
  A lurking horror (Abyss:3)
  8 starspawn tentacles
  4 tentacles
1852 creatures vanquished.

Vanquished Creatures (collateral kills)
  An ancient lich (Zot:5)
  An orb of fire (Zot:1)
  A Killer Klown (Zot:5)
  Saint Roka (Vaults:2)
  2 golden dragons
  A bone dragon (Depths:4)
  Arachne (Spider:4)
  An electric golem (Zot:5)
  6 tentacled monstrosities
  2 liches
  11 Orb Guardians (Zot:5)
  A death cob (Zot:5)
  10 acid blobs
  Frances (D:14)
  4 tentacled starspawn
  A shadow dragon (Vaults:5)
  An Executioner (Abyss:5)
  2 tengu reavers (Vaults:5)
  3 rockslimes
  3 storm dragons
  A draconian monk (Zot:2)
  A fire giant (Vaults:5)
  3 azure jellies (Slime:5)
  A draconian knight (Zot:5)
  Aizul (Elf:3)
  An iron dragon (Vaults:5)
  2 emperor scorpions (Spider:2)
  2 vault wardens
  3 draconian scorchers
  3 frost giants
  A draconian shifter (Depths:4)
  2 draconian annihilators
  3 stone giants
  A draconian stormcaller (Zot:5)
  5 quicksilver oozes
  An ironbound preserver (Vaults:1)
  5 very ugly things (Depths:2)
  2 broodmothers (Spider:4)
  An ironbound thunderhulk (Vaults:2)
  A caustic shrike skeleton (Depths:2)
  3 green draconians
  3 red draconians
  3 black draconians
  2 entropy weavers
  2 white draconians
  2 yellow draconians
  A deep elf death mage (Elf:3)
  A blizzard demon (Depths:2)
  A merfolk javelineer (Shoals:4)
  The ghost of Keadol the Thaumaturge, a journeyman DrCj of Vehumet (Lair:1)
  A fire dragon (Depths:3)
  2 merfolk impalers (Shoals:4)
  A spectral kraken (Shoals:3)
  A rakshasa (Abyss:5)
  A boulder beetle (Lair:2)
  13 vault guards
  3 great orbs of eyes
  A quicksilver dragon skeleton (Depths:2)
  2 ice dragons
  A peacekeeper (Vaults:1)
  3 two-headed ogres
  4 ironbound frosthearts
  A jorogumo (Spider:3)
  2 centaur warriors
  4 merfolk aquamancers
  3 dancing weapons
  A tengu warrior (Depths:1)
  A deep troll shaman (Depths:4)
  A spriggan berserker (Depths:4)
  2 hell hogs (Abyss:4)
  A thrashing horror (Abyss:1)
  Sonja (Orc:1)
  3 deep elf knights
  A soul eater (Depths:2)
  An iron troll (Depths:1)
  2 sixfirhies (Depths:2)
  2 sea snakes
  Lodul (D:13)
  2 skeletal warriors (Depths:2)
  A goliath frog (shapeshifter) (Vaults:5)
  A titan skeleton (Vaults:5)
  A salamander mystic (Depths:4)
  2 glowing orange brains
  A storm dragon skeleton (Depths:2)
  A sun moth (Spider:4)
  A flayed ghost (Depths:1)
  10 deep trolls
  2 ironbound convokers
  4 wizards
  A deep elf archer (Elf:2)
  A harpy (Shoals:1)
  2 phantasmal warriors (Vaults:5)
  6 deep elf pyromancers
  A necromancer (Vaults:5)
  A fire giant zombie (Vaults:5)
  A lindwurm (Vaults:1)
  2 shining eyes
  7 deep elf zephyrmancers
  A wolf spider (Spider:4)
  14 ugly things
  3 orc knights
  3 manticores
  2 orc sorcerers (Orc:2)
  A stone giant skeleton (Depths:2)
  An elephant (Lair:4)
  3 worldbinders
  5 fauns
  3 frost giant skeletons
  A water nymph (Shoals:4)
  A merfolk siren (Shoals:2)
  7 moths of wrath
  A black mamba (Lair:3)
  An ice statue (IceCv)
  A titan simulacrum (Vaults:4)
  A naga mage (Abyss:5)
  4 vault sentinels
  2 smoke demons
  5 cane toads
  2 torpor snails
  Psyche (D:10)
  A spectral sea snake (Shoals:3)
  2 komodo dragons
  A freezing wraith (Vaults:5)
  3 ice devils
  A kobold demonologist (D:11)
  11 yaktaurs
  3 red devils (Abyss:1)
  A yaktaur skeleton (Vaults:3)
  5 trolls
  A polar bear (Lair:5)
  8 merfolk
  2 tyrant leeches (Lair:5)
  A wind drake (Shoals:4)
  2 meliai
  13 tarantellas
  Prince Ribbit (D:6)
  A tarantella (shapeshifter) (D:14)
  An ancient zyme (Abyss:5)
  A tengu simulacrum (Vaults:5)
  37 slime creatures
  2 blink frogs (Lair:5)
  An iron dragon simulacrum (Abyss:1)
  12 raiju
  7 dream sheep
  A human simulacrum (Vaults:3)
  4 flying skulls (Depths:2)
  2 jumping spiders
  3 culicivoras
  2 water elementals
  A ynoxinul (Abyss:1)
  A wraith (D:11)
  A basilisk (Lair:2)
  9 yaks
  A neqoxec (Abyss:5)
  3 small abominations
  2 golden eyes
  2 fire bats (Abyss:5)
  14 redbacks
  6 vampire mosquitoes
  2 wargs (Orc:1)
  A spatial vortex (Abyss:1)
  3 water moccasins
  A glowing shapeshifter skeleton (Vaults:5)
  A sky beast (D:7)
  4 orc warriors
  3 acid dragons
  A floating eye (Slime:5)
  A great orb of eyes simulacrum (IceCv)
  3 ogres
  4 centaurs
  A wolf (Lair:2)
  An elf simulacrum (Vaults:3)
  2 slime creature simulacra (IceCv)
  6 bullfrogs
  2 glowing shapeshifter simulacra (IceCv)
  2 wights
  A killer bee (D:8)
  11 starcursed masses
  7 orc priests
  A hound (D:4)
  An iguana (D:6)
  8 orc wizards
  A gnoll (D:7)
  An adder (shapeshifter) (Vaults:5)
  A shadow imp (D:7)
  29 orcs
  6 kobolds
  2 tentacles
561 creatures vanquished.

Vanquished Creatures (others)
  A draconian monk (Zot:2)
  A vault warden (Vaults:4)
  A ghost moth (Zot:4)
  A black draconian (Zot:2)
  A spark wasp (Zot:2)
  A merfolk impaler (Shoals:3)
  A ghost crab (Shoals:3)
  A centaur warrior (Vaults:1)
  A two-headed ogre (Vaults:5)
  5 yaktaurs
  A merfolk (Shoals:3)
  A small abomination (Abyss:4)
  A yak (D:10)
  5 humans
  A black bear (D:6)
  36 knights
  2 orc wizards (Orc:2)
  2 ancestors (D:4)
  2 ball lightnings (Zot:2)
  A bush (Lair:5)
  26 fungi
  A lurking horror (Abyss:5)
  167 plants
  23 starspawn tentacles
  25 tentacles
  13 withered plants (Shoals:3)
321 creatures vanquished.

Grand Total: 2734 creatures vanquished

Notes
Turn   | Place    | Note
-------+----------+-------------------------------------------
     0 | D:1      | Toastz the Draconian Hunter began the quest for the Orb.
     0 | D:1      | Reached XP level 1. HP: 17/17 MP: 1/1
   545 | D:1      | Reached XP level 2. HP: 25/25 MP: 2/2
   858 | D:1      | Found a faded altar of an unknown god.
  1268 | D:2      | Found a hazy altar of Hepliaklqana.
  1298 | D:2      | Reached XP level 3. HP: 30/30 MP: 3/3
  1317 | D:2      | Became a worshipper of Hepliaklqana the Forgotten
  1337 | D:2      | Noticed Natasha
  1342 | D:2      | Killed Natasha
  1392 | D:2      | Reached XP level 4. HP: 36/38 MP: 4/4
  1597 | D:2      | Noticed Natasha
  1603 | D:2      | Killed Natasha
  1765 | D:3      | Noticed a water elemental
  1810 | D:3      | Noticed a fire elemental
  1821 | D:3      | Noticed an air elemental
  1824 | D:3      | Found a stormy altar of Qazlal.
  1828 | D:3      | Noticed an earth elemental
  1922 | D:3      | Reached XP level 5. HP: 33/46 MP: 5/5
  2213 | D:4      | Reached * piety under Hepliaklqana
  2615 | D:4      | Found a broken altar of Ashenzari.
  2898 | D:4      | Noticed Sigmund
  2907 | D:4      | Killed Sigmund
  2908 | D:4      | Reached skill level 5 in Ranged Weapons
  2908 | D:4      | Reached XP level 6. HP: 32/47 MP: 6/6
  3135 | D:5      | Entered Level 5 of the Dungeon
  3315 | D:5      | Reached ** piety under Hepliaklqana
  3316 | D:5      | Remembered your ancestor Lucia as a knight
  3338 | D:5      | Found a staircase to the Ecumenical Temple.
  3354 | D:5      | Reached skill level 5 in Fighting
  3354 | D:5      | Your scales start taking on a fiery red colour.
  3354 | D:5      | Reached XP level 7. HP: 54/54 MP: 7/7
  3354 | D:5      | Gained mutation: Your flesh is heat resistant. (rF+) [Red
                  | Draconian growth]
  3444 | D:5      | Noticed Edmund
  3456 | D:5      | Killed Edmund
  3526 | Temple   | Entered the Ecumenical Temple
  4438 | D:6      | Noticed a steam dragon
  4444 | D:6      | Reached skill level 5 in Dodging
  4446 | D:6      | Killed a steam dragon
  4447 | D:6      | Reached XP level 8. HP: 63/63 MP: 8/8
  4771 | D:6      | Noticed Prince Ribbit
  4778 | D:6      | Killed Prince Ribbit
  5041 | D:7      | Noticed Joseph
  5052 | D:7      | Killed Joseph
  5053 | D:7      | Reached XP level 9. HP: 72/72 MP: 9/9
  5532 | D:7      | Reached *** piety under Hepliaklqana
  5811 | D:8      | Found a hide-covered altar of Uskayaw.
  5811 | D:8      | Found a shadowy altar of Dithmenos.
  5811 | D:8      | Found a basalt altar of Yredelemnul.
  5811 | D:8      | Found a snail-covered altar of Cheibriados.
  5817 | D:8      | Found a glowing silver altar of Zin.
  5822 | D:8      | Found an iron altar of Okawaru.
  5950 | D:8      | Found an ornate altar of the Wu Jian Council.
  6379 | D:8      | Found a sparkling altar of Nemelex Xobeh.
  6380 | D:8      | Found an opulent altar of Gozag.
  6600 | D:9      | Reached **** piety under Hepliaklqana
  6611 | D:9      | Reached XP level 10. HP: 81/81 MP: 10/10
  6829 | D:9      | Found a staircase to the Lair.
  7041 | D:10     | Entered Level 10 of the Dungeon
  7044 | D:10     | Noticed Maggie
  7049 | D:10     | Killed Maggie
  7050 | D:10     | Reached skill level 10 in Fighting
  7070 | D:10     | Noticed Psyche
  7076 | D:10     | Killed Psyche
  7259 | D:10     | Noticed a two-headed ogre
  7266 | D:10     | Killed a two-headed ogre
  7324 | D:10     | Reached XP level 11. HP: 91/91 MP: 11/11
  7440 | D:10     | Noticed a white ugly thing
  7447 | D:10     | Killed a white ugly thing
  7448 | D:10     | Reached skill level 10 in Ranged Weapons
  7461 | D:10     | Reached skill level 1 in Invocations
  7581 | D:10     | Noticed a deep troll
  7624 | D:10     | Killed a deep troll
  7783 | D:10     | Found Atialod's Assorted Antiques.
  7788 | D:10     | Bought a scroll of identify for 62 gold pieces
  7788 | D:10     | Bought a scroll of identify for 62 gold pieces
  7845 | D:10     | Found an ancient bone altar of Kikubaaqudgha.
  7847 | D:10     | Found a bloodstained altar of Trog.
  8280 | Lair:1   | Entered Level 1 of the Lair of Beasts
  8341 | Lair:1   | Noticed Urug
  8362 | Lair:1   | Killed Urug
  8364 | Lair:1   | Reached skill level 10 in Dodging
  8431 | Lair:1   | Noticed a five-headed hydra
  8436 | Lair:1   | Killed a five-headed hydra
  8500 | Lair:1   | You fall into a shaft and drop 1 floor!
  8562 | Lair:2   | Found a staircase to the Shoals.
  8567 | Lair:2   | Noticed a lindwurm
  8730 | Lair:2   | Reached skill level 5 in Invocations
  8766 | Lair:2   | Reached XP level 12. HP: 100/100 MP: 15/15
  8772 | Lair:2   | Reached ***** piety under Hepliaklqana
  8845 | Lair:1   | Noticed an eight-headed hydra
  8845 | Lair:1   | Noticed a boulder beetle
  8865 | Lair:2   | Killed a boulder beetle
  8900 | Lair:1   | Killed an eight-headed hydra
  8971 | Lair:1   | Found a large runed translucent door.
  8971 | Lair:1   | Found a large runed translucent door.
  8973 | Lair:1   | Noticed Keadol's ghost (journeyman DrCj)
  9011 | Lair:1   | Found the amulet of Elemental Vulnerability {rPois rF--
                  | rC-- AC+8}
  9811 | Lair:2   | Found a hole to the Spider Nest.
 10843 | Lair:4   | Reached XP level 13. HP: 99/110 MP: 16/16
 11008 | Lair:4   | Found a viscous altar of Jiyva.
 11008 | Lair:4   | Found a staircase to the Slime Pits.
 11061 | Lair:4   | Found a runed translucent gate.
 11062 | Lair:4   | Found a runed translucent gate.
 11072 | Lair:4   | Found a runed translucent gate.
 11095 | Lair:4   | Noticed a minotaur
 11099 | Lair:4   | Noticed Nyzic's ghost (journeyman TrMo)
 11674 | Lair:5   | Entered Level 5 of the Lair of Beasts
 11674 | Lair:5   | Reached ****** piety under Hepliaklqana
 11750 | Lair:5   | Found a frozen archway.
 11787 | IceCv    | Entered an ice cave
 11924 | IceCv    | Noticed a quicksilver ooze
 11933 | IceCv    | Killed a quicksilver ooze
 12087 | IceCv    | Noticed a quicksilver ooze
 12094 | IceCv    | Killed a quicksilver ooze
 12204 | IceCv    | Found a viscous altar of Jiyva.
 12204 | IceCv    | Noticed an azure jelly
 12209 | IceCv    | Killed an azure jelly
 12209 | IceCv    | Noticed an azure jelly
 12216 | IceCv    | Killed an azure jelly
 12286 | IceCv    | Got the Encyclopedia of Hoarfrost
 12377 | IceCv    | Noticed a quicksilver ooze
 12383 | IceCv    | Killed a quicksilver ooze
 12596 | Lair:5   | Reached skill level 15 in Fighting
 12733 | Lair:5   | Reached XP level 14. HP: 121/121 MP: 18/18
 13104 | Lair:5   | Identified the +4 falchion "Plojy" {vorpal, rPois rF+ rC-
                  | Str+4}
 13721 | Lair:4   | Reached skill level 1 in Evocations
 13735 | Lair:4   | Killed Nyzic's ghost
 14144 | Lair:1   | Killed Keadol's ghost
 14425 | D:11     | Identified the +5 sling of Desertification {vorpal, rElec
                  | rCorr}
 14448 | D:11     | Found a staircase to the Orcish Mines.
 15295 | Orc:1    | Entered Level 1 of the Orcish Mines
 15295 | Orc:1    | Noticed Sonja
 15346 | Orc:1    | Killed Sonja
 16034 | Orc:2    | Entered Level 2 of the Orcish Mines
 16215 | Orc:2    | Found a staircase to the Elven Halls.
 16350 | Orc:2    | Reached XP level 15. HP: 130/130 MP: 20/20
 16438 | Orc:2    | Noticed Blork the orc
 16441 | Orc:2    | Killed Blork the orc
 16442 | Orc:2    | Noticed an orc warlord
 16700 | Orc:2    | Killed an orc warlord
 16732 | Orc:2    | Found Veigetui's Antique Armour Shoppe.
 16764 | Orc:2    | Found Pugh's Book Shoppe.
 16778 | Orc:2    | Found Addye's General Store.
 16786 | Orc:2    | Bought a +0 triple crossbow for 140 gold pieces
 16797 | Orc:2    | Found Jazxucob's Antique Weapon Shoppe.
 17364 | D:12     | Noticed Fannar
 17369 | D:12     | Killed Fannar
 17515 | D:12     | Reached skill level 5 in Evocations
 18253 | D:13     | Noticed Lodul
 18257 | D:13     | Killed Lodul
 18676 | D:13     | Reached skill level 15 in Ranged Weapons
 19251 | D:14     | Noticed Frances
 19257 | D:14     | Killed Frances
 19407 | D:14     | Found a gate to the Vaults.
 19477 | D:14     | Identified the +4 short sword of Kuga {freeze, Dex+3}
 19680 | D:14     | Noticed Snorg
 19685 | D:14     | Killed Snorg
 20041 | D:15     | Entered Level 15 of the Dungeon
 20533 | D:15     | Found a staircase to the Depths.
 20538 | D:15     | Reached skill level 15 in Dodging
 20549 | D:15     | Reached XP level 16. HP: 139/139 MP: 21/21
 21092 | Shoals:1 | Entered Level 1 of the Shoals
 21154 | Shoals:1 | Found Casutown's Assorted Antiques.
 21178 | Shoals:1 | Bought a pair of faintly humming gloves for 332 gold pieces
 21178 | Shoals:1 | Identified the +0 pair of gloves of the Gastropod {*Slow
                  | Dex+9 SInv} (You bought it in a shop on level 1 of the
                  | Shoals)
 21623 | Shoals:1 | Noticed a kraken
 21631 | Shoals:1 | Killed a kraken
 22481 | Shoals:3 | Found Coanip's Armour Emporium.
 23120 | Shoals:4 | Entered Level 4 of the Shoals
 23403 | Shoals:4 | Reached XP level 17. HP: 146/146 MP: 22/22
 23418 | Shoals:4 | Noticed Kirke
 23423 | Shoals:4 | Killed Kirke
 23491 | Shoals:4 | Reached XP level 18. HP: 145/154 MP: 21/23
 23652 | Shoals:4 | Got a barnacled rune of Zot
 23782 | Shoals:4 | Identified the +8 mace of the Magi {vorpal, rElec rN+}
 24193 | Spider:1 | Entered Level 1 of the Spider Nest
 24231 | Spider:1 | Noticed Mlioglotl
 24236 | Spider:1 | Killed Mlioglotl
 25220 | Spider:2 | Learned a level 2 spell: Blink
 26391 | Spider:3 | Found a runed translucent door.
 26426 | Spider:3 | Identified the +6 dagger of Honour {pain, *Slow rElec rN+}
 26732 | Spider:4 | Entered Level 4 of the Spider Nest
 26831 | Spider:4 | Noticed Arachne
 26838 | Spider:4 | Killed Arachne
 26970 | Spider:4 | Reached XP level 19. HP: 163/163 MP: 11/24
 27022 | Spider:4 | Reached skill level 1 in Translocations
 27471 | Spider:4 | Identified the +8 trident of the Gnashing Gods {venom,
                  | Str+7}
 27745 | Spider:4 | Noticed Mara
 27756 | Spider:4 | Noticed Toastz's illusion
 27785 | Spider:4 | Killed Mara
 27830 | Spider:4 | Got a gossamer rune of Zot
 28521 | Vaults:1 | Entered Level 1 of the Vaults
 28588 | Vaults:1 | Noticed Nikola
 28599 | Vaults:1 | Killed Nikola
 28719 | Vaults:1 | Reached skill level 1 in Spellcasting
 29034 | Vaults:1 | Reached skill level 5 in Translocations
 29087 | Vaults:1 | Learned a level 3 spell: Portal Projectile
 29704 | Vaults:1 | Reached skill level 1 in Hexes
 29923 | Vaults:2 | Found a flickering gateway to a bazaar.
 29942 | Bazaar   | Entered a bazaar
 29949 | Bazaar   | Found Zalupext's Armour Boutique.
 29949 | Bazaar   | Found Lestre Qeaty's Assorted Antiques.
 29955 | Bazaar   | Bought a scroll labelled JIEM OZOARUPLI for 24 gold pieces
 29961 | Bazaar   | Bought the +3 crown of Dyrovepreva {rElec Int+2 SInv} for
                  | 414 gold pieces
 29961 | Bazaar   | Found the +3 crown of Dyrovepreva {rElec Int+2 SInv}
 30001 | Bazaar   | Found Geulau's Distillery.
 30006 | Bazaar   | Bought a potion of resistance for 100 gold pieces
 30006 | Bazaar   | Bought a potion of curing for 30 gold pieces
 30015 | Bazaar   | Found Mettui's Magic Scroll Shop.
 30021 | Bazaar   | Bought a scroll of teleportation for 27 gold pieces
 30021 | Bazaar   | Bought a scroll of blinking for 67 gold pieces
 30044 | Vaults:2 | Acquired the +2 pair of boots "Qoffiplibb" {rPois rF+
                  | Str+4}
 30092 | Vaults:2 | Found Taviucvi's Weapon Boutique.
 30105 | Vaults:2 | Noticed Saint Roka
 30114 | Vaults:2 | Killed Saint Roka
 30228 | Vaults:2 | Reached XP level 20. HP: 169/173 MP: 25/25
 30295 | Vaults:2 | Found a runed translucent gate.
 30295 | Vaults:2 | Found a runed translucent gate.
 30295 | Vaults:2 | Found a runed translucent gate.
 30296 | Vaults:2 | Noticed howech's ghost (veteran MiGl)
 30323 | Vaults:2 | Found Ycelyomn's Armour Shoppe.
 30641 | Vaults:2 | Found Xatawieh's Distillery.
 30648 | Vaults:2 | Bought a potion of curing for 51 gold pieces
 30662 | Vaults:2 | Found a staircase to the Crypt.
 31295 | Vaults:2 | Found Vaviazya's Armour Emporium.
 31451 | Vaults:2 | Found the +5 demon whip "Spellbinder" {antimagic, Will+}
 32695 | Vaults:4 | Reached skill level 5 in Hexes
 32879 | Vaults:4 | Found a runed translucent door.
 32879 | Vaults:4 | Noticed heteroy's ghost (veteran GrEE)
 33377 | Vaults:4 | Identified the +2 rapier of Eternal Vigilance {holy, Contam
                  | Will+ Str+6}
 33389 | Vaults:4 | Reached XP level 21. HP: 181/181 MP: 21/27
 33418 | Vaults:4 | Found Nufuono's Weapon Shoppe.
 33690 | Vaults:4 | Killed heteroy's ghost
 33813 | Vaults:2 | Killed howech's ghost
 33916 | Depths:1 | Entered Level 1 of the Depths
 33968 | Depths:1 | Found a one-way gate to the infinite horrors of the Abyss.
 34282 | Depths:1 | Found a one-way gateway to a ziggurat.
 34296 | Depths:1 | You fall into a shaft and drop 1 floor!
 34716 | Depths:1 | Found a gateway to Hell.
 35049 | Depths:2 | Reached skill level 10 in Evocations
 35224 | Depths:2 | Gained mutation: You are somewhat resistant to further
                  | mutation. [a neqoxec]
 35482 | Depths:2 | Found the +1 cloak of Starlight {*Dazzle EV+4 Stlth--}
 35779 | Depths:2 | Identified the +12 hand axe "Ecwuelipp" {vorpal, Dex+4}
 36139 | Depths:2 | Learned a level 4 spell: Passage of Golubria
 36140 | Depths:2 | Found a one-way gate leading to the halls of Pandemonium.
 36507 | Depths:3 | Reached XP level 22. HP: 191/191 MP: 24/28
 36592 | Depths:3 | Noticed Louise
 36596 | Depths:3 | Killed Louise
 36616 | Depths:3 | Identified the +9 dagger of Sharkskin {vorpal, Stlth+}
 36930 | Depths:3 | Identified the +1 plate armour of Monotheism {rC+ Str+3
                  | Int+6}
 37108 | Depths:3 | Found a runed door.
 37450 | Depths:3 | Noticed an ancient lich
 37451 | Depths:3 | Noticed an ancient lich
 37461 | Depths:3 | Killed an ancient lich
 37464 | Depths:3 | Killed an ancient lich
 37537 | Depths:3 | Identified the +2 hat "Tuxt" {Harm rPois rC++ Int-2}
 37560 | Depths:3 | Identified the +2 pair of gloves of Beoweles {Will+}
 37567 | Depths:3 | Identified the +7 morningstar "Paha" {speed, *Rage rC+
                  | Int+3 Stlth+}
 37863 | Depths:4 | Entered Level 4 of the Depths
 38093 | Depths:4 | Got Fevuywki's Grimoire of the Boulder
 38120 | Depths:4 | Found a glowing golden altar of the Shining One.
 38330 | Depths:4 | Learned a level 3 spell: Ozocubu's Armour
 38457 | Depths:4 | Found Eheghohugh's Jewellery Emporium.
 38457 | Depths:4 | Found Osogaatwu's Book Shop.
 38458 | Depths:4 | Found Itihoof's Jewellery Emporium.
 38464 | Depths:4 | Bought a ring of positive energy for 240 gold pieces
 38468 | Depths:4 | Bought a book of Changes for 396 gold pieces
 38471 | Depths:4 | Learned a level 2 spell: Wereblood
 38722 | Depths:4 | Found a gate to the Realm of Zot.
 38733 | Depths:4 | Reached skill level 1 in Transmutations
 38785 | Depths:4 | Reached skill level 1 in Ice Magic
 39146 | Depths:4 | Bought the amulet of the Falcon {Acrobat rF+ Will+ Int+4}
                  | for 696 gold pieces
 39408 | Elf:1    | Entered Level 1 of the Elven Halls
 39593 | Elf:1    | Found a runed translucent gate.
 39593 | Elf:1    | Found a runed translucent gate.
 39594 | Elf:1    | Found a runed translucent gate.
 39596 | Elf:1    | Noticed Xihoome's ghost (veteran MiGl)
 39808 | Elf:1    | Got Fiddis's Omnibus of the Flock
 40032 | Elf:1    | Learned a level 6 spell: Dispersal
 40426 | Elf:1    | Found a viscous altar of Jiyva.
 41101 | Elf:2    | Found a runed translucent gate.
 41102 | Elf:2    | Found a runed translucent gate.
 41102 | Elf:2    | Found a runed translucent gate.
 41326 | Elf:2    | Found Ajotid's General Store.
 41345 | Elf:2    | Reached XP level 23. HP: 198/198 MP: 22/29
 41375 | Elf:2    | Found Zotzykoa's Assorted Antiques.
 41384 | Elf:2    | Bought a potion of invisibility for 216 gold pieces
 41384 | Elf:2    | Bought a potion of curing for 81 gold pieces
 41384 | Elf:2    | Bought a potion of haste for 270 gold pieces
 41384 | Elf:2    | Bought a scroll of summoning for 256 gold pieces
 41545 | Elf:3    | Entered Level 3 of the Elven Halls
 41575 | Elf:3    | Noticed Donald
 41582 | Elf:3    | Killed Donald
 41771 | Elf:3    | Noticed Aizul
 41774 | Elf:3    | Killed Aizul
 42559 | Orc:2    | Killed Xihoome's ghost
 42990 | Vaults:5 | Entered Level 5 of the Vaults
 43238 | Vaults:4 | Reached skill level 5 in Spellcasting
 43588 | Vaults:5 | Found the +2 ratskin cloak {*Rats rPois rN+ Str-1 Int-1
                  | Dex+1}
 43599 | Vaults:5 | Acquired a scarf of resistance
 43731 | Vaults:5 | Got the Vellum of Summoning and Contamination
 43832 | Vaults:5 | Identified the ring "Huisirreuda" {Ice Str+2 Dex+3}
 43914 | Vaults:5 | Identified the +1 ring mail of Terror {Rampage Dex+3
                  | Stlth+}
 44002 | Vaults:5 | Identified the +2 pair of gloves of the Elephant {Harm
                  | rPois Dex-5}
 44120 | Vaults:5 | Identified the amulet of Honesty {RegenMP rN+}
 44126 | Vaults:5 | Got a silver rune of Zot
 44165 | Vaults:5 | Got Qenianoi's Precepts of Overcast Direction
 44509 | Vaults:5 | Identified the +0 helmet "Plog" {*Corrode rF+ Dex+4 Stlth+}
 44525 | Vaults:5 | Identified the +3 spear of Notitor {pain, rElec rC+}
 44951 | Depths:1 | Voluntarily entered the Abyss.
 45383 | Abyss:1  | Reached XP level 24. HP: 209/209 MP: 32/32
 45900 | Abyss:1  | Found a shadowy altar of Dithmenos.
 46318 | Abyss:5  | Reached skill level 10 in Translocations
 46327 | Abyss:5  | Noticed a dread lich
 46335 | Abyss:5  | Killed a dread lich
 46453 | Abyss:5  | Got an abyssal rune of Zot
 46491 | Depths:1 | Escaped the Abyss
 46795 | Slime:1  | Entered Level 1 of the Pits of Slime
 46798 | Slime:1  | Gained mutation: Your spells are a little easier to cast,
                  | but a little less powerful. [a shining eye]
 46965 | Slime:5  | Entered Level 5 of the Pits of Slime
 46987 | Slime:5  | Noticed the Royal Jelly
 46998 | Slime:5  | HP: 6/213 [rockslime[the Royal Jelly] (25)]
 47849 | Slime:5  | Gained mutation: You are dopey. (Int -2) [a shining eye]
 47855 | Slime:5  | Killed the Royal Jelly
 48297 | Slime:5  | Identified the amulet "Myruer" {Spirit +Blink Str+2 Int-3
                  | Dex+3}
 48314 | Slime:5  | Identified the +8 short sword "Avuitufe" {pain, rF+}
 48326 | Slime:5  | Identified the +7 mace of Shimmering Execution {vorpal,
                  | Dex+5 Stlth+}
 48342 | Slime:5  | Learned a level 1 spell: Apportation
 48347 | Slime:5  | Got the Treatise on Conflagration
 48368 | Slime:5  | Identified the +4 halberd of Dismemberment {flame, Str+5}
 48369 | Slime:5  | Identified the +2 shortbow of Okawaru, Mauling {freeze,
                  | rN+}
 48380 | Slime:5  | Identified the ring "Joequs" {rF+ Str+4 Dex+3 Slay+2}
 48386 | Slime:5  | Got a slimy rune of Zot
 48388 | Slime:5  | Got Begishah's Guide on the Tainted Legion
 48414 | Slime:5  | Identified the +3 long sword of Spores {vorpal, rElec rC++
                  | Str-3 SInv}
 48416 | Slime:5  | Identified the +3 great sword of Zugarr {protect, Dex+4
                  | Stlth+}
 48866 | Lair:4   | Lost mutation: You are dopey. (Int -2) [potion of mutation]
 48866 | Lair:4   | Lost mutation: You are somewhat resistant to further
                  | mutation. [potion of mutation]
 48866 | Lair:4   | Gained mutation: Your tail ends in a venomous barb. [potion
                  | of mutation]
 48866 | Lair:4   | Gained mutation: You are weak. (Str -2) [potion of
                  | mutation]
 48866 | Lair:4   | Gained mutation: You are frail. (-10% HP) [potion of
                  | mutation]
 48867 | Lair:4   | Lost mutation: You are frail. (-10% HP) [potion of
                  | mutation]
 48867 | Lair:4   | Lost mutation: You are weak. (Str -2) [potion of mutation]
 48867 | Lair:4   | Lost mutation: Your spells are a little easier to cast, but
                  | a little less powerful. [potion of mutation]
 48867 | Lair:4   | Gained mutation: Your system is resistant to poisons.
                  | (rPois) [potion of mutation]
 48867 | Lair:4   | Gained mutation: Your large and strong wings let you fly.
                  | [potion of mutation]
 48867 | Lair:4   | Lost mutation: Your system is resistant to poisons. (rPois)
                  | [potion of mutation]
 48867 | Lair:4   | Gained mutation: You have sharp toenails. [potion of
                  | mutation]
 49202 | Zot:1    | Entered Level 1 of the Realm of Zot
 49208 | Zot:1    | Reached XP level 25. HP: 212/220 MP: 32/32
 49477 | Zot:1    | Noticed an orb of fire
 49487 | Zot:1    | Killed an orb of fire
 50056 | Zot:1    | Noticed an orb of fire
 50059 | Zot:1    | Killed an orb of fire
 50692 | Zot:2    | Identified the +1 pair of gloves of the Slightly Bent
                  | {*Slow rF+ MP+9 Slay+6}
 51168 | Shoals:1 | Bought a scroll of acquirement for 1820 gold pieces
 51168 | Shoals:1 | Acquired the +6 arbalest "Damnation" {damnation}
 51168 | Shoals:1 | Found the +6 arbalest "Damnation" {damnation}
 52999 | Zot:4    | Reached XP level 26. HP: 232/232 MP: 33/33
 53077 | Zot:4    | Noticed an orb of fire
 53431 | Zot:4    | Killed an orb of fire
 54080 | Zot:5    | Entered Level 5 of the Realm of Zot
 54468 | Zot:5    | Noticed an ancient lich
 54473 | Zot:5    | Killed an ancient lich
 54486 | Zot:5    | Noticed an ancient lich
 54490 | Zot:5    | Killed an ancient lich
 54495 | Zot:5    | Noticed an orb of fire
 54499 | Zot:5    | Gained mutation: You occasionally shout uncontrollably at
                  | your foes. [an orb of fire]
 54502 | Zot:5    | Killed an orb of fire
 54502 | Zot:5    | Noticed an orb of fire
 54503 | Zot:5    | Noticed an ancient lich
 54505 | Zot:5    | Killed an orb of fire
 54511 | Zot:5    | Killed an ancient lich
 54518 | Zot:5    | Noticed an ancient lich
 54520 | Zot:5    | Killed an ancient lich
 54760 | Zot:5    | Noticed an orb of fire
 54767 | Zot:5    | Killed an orb of fire
 54848 | Zot:5    | Noticed an ancient lich
 54849 | Zot:5    | Noticed an orb of fire
 54870 | Zot:5    | Gained mutation: Your magical capacity is low. (-10% MP)
                  | [an orb of fire]
 54874 | Zot:5    | Gained mutation: You are frail. (-10% HP) [an orb of fire]
 54875 | Zot:5    | Killed an orb of fire
 54878 | Zot:5    | Killed an ancient lich
 54987 | Zot:5    | Noticed an ancient lich
 54992 | Zot:5    | Killed an ancient lich
 55072 | Zot:5    | Lost mutation: Your magical capacity is low. (-10% MP)
                  | [potion of mutation]
 55072 | Zot:5    | Lost mutation: Your large and strong wings let you fly.
                  | [potion of mutation]
 55072 | Zot:5    | Lost mutation: You are frail. (-10% HP) [potion of
                  | mutation]
 55072 | Zot:5    | Gained mutation: Your system is resistant to poisons.
                  | (rPois) [potion of mutation]
 55072 | Zot:5    | Gained mutation: You have razor-sharp toenails. [potion of
                  | mutation]
 55246 | Zot:5    | Got the Orb of Zot
 55717 | D:7      | Noticed Piur Ricw the pandemonium lord
 55764 | D:5      | Reached skill level 15 in Translocations
 55793 | D:4      | Noticed Wamar the pandemonium lord
 55961 | D:$      | Escaped with the Orb!

Illustrated notes

Levels and vault maps discovered:
D:1:      dpeg_arrival_snail, layout_loops_ring,
          chequers_ecumenical_altar_island
D:2:      layout_rooms, basic_altar, uniq_natasha
D:3:      layout_rooms, nicolae_qazlal_style_of_elements
D:4:      layout_loops_corners, evilmike_ruin_ashenzari, minmay_goblin_outpost,
          uniq_sigmund
D:5:      layout_basic, temple_pool_b, uniq_edmund
D:6:      minmay_general_purpose_star, layout_basic, uniq_prince_ribbit1
D:7:      layout_basic, grunt_decor_arrowhead, uniq_joseph
D:8:      layout_basic, grunt_temple_overflow_opulence,
          nzn_wu_jian_council_hall, minmay_overflow_temple_hex
D:9:      layout_cave_pools, lair_entry_dummy
D:10:     lemuel_troll_bridge, layout_basic, grunt_temple_overflow_open,
          serial_shops, shop, uniq_maggie, uniq_psyche
D:11:     minmay_the_grid_plus [minmay_the_grid_stretched_grid,
          minmay_the_grid_rooms, minmay_the_grid_mess, minmay_the_grid_empty,
          minmay_the_grid_prize_four_corners], layout_basic, david_orc_2
D:12:     layout_grid_maze, uniq_fannar
D:13:     layout_grid_maze, uniq_lodul
D:14:     layout_layer_cave, skrybe_vaults_entry_preservation,
          chequers_serial_rivers_large_a, uniq_snorg, uniq_frances
D:15:     hangedman_depths_entry_try_elsewhere_first, layout_basic,
          chequers_big_river
Temple:   corrupted_temple
Lair:1:   layout_roguey, ebering_ghost_disaster_area, grunt_megastairs_5,
          lemuel_fruit_fields, uniq_urug
Lair:2:   layout_chaotic_city, minmay_shoals_entry_centaurs,
          hellmonk_spider_entry_life_and_decay
Lair:3:   layout_roguey, minivault_25, serial_bayou_pond_c, minivault_24
Lair:4:   layout_gridlike, slime_entry_1, maelrawn_ghost_gauntlet_escape,
          nicolae_lair_grove_arrangements
Lair:5:   minmay_lair_end_frog_pond, layout_regular_city,
          portal_ice_cave_demonic_guard, minmay_hedge_maze
Shoals:1: layout_shoals, serial_shops, nicolae_diamond_shop
Shoals:2: layout_shoals
Shoals:3: layout_shoals, serial_shops, shop_statue, nicolae_shoals_spectral_cove
Shoals:4: shoals_end_simple, layout_shoals, nicolae_shoals_water_shrine,
          uniq_kirke
Spider:1: layout_spider_delve, uniq_mlioglotl
Spider:2: layout_spider_delve, nicolae_spider_scorpion_nest
Spider:3: cheibrodos_spider_deadly_dance
Spider:4: hellmonk_spider_rune_endless_swarm, uniq_arachne, uniq_mara
Slime:1:  layout_caves
Slime:2:  layout_caves
Slime:3:  layout_caves
Slime:4:  cheibrodos_slime_lost_civilization_1, layout_caves, special_room
          [special_room_jelly]
Slime:5
Orc:1:    layout_diamond_mine, uniq_sonja
Orc:2:    grunt_orc_cross, layout_caves, nicolae_orc_pool_cavern
Elf:1:    eino_elf_arrival_sip, layout_loops_corners, gammafunk_ghost_ooze,
          minmay_elf_demonology
Elf:2:    elven_hall_of_blades_hangedman_original [nicolae_blade_tridents],
          layout_loops_cross, minmay_shoptagon
Elf:3:    minmay_elf_hall_spiked, layout_gridlike, serial_sigils,
          serial_sigils_hangedman_writhe, serial_sigils_hangedman_stare,
          serial_sigils_hangedman_quiver, serial_sigils_hangedman_snap,
          serial_sigils_hangedman_gut, uniq_aizul, uniq_donald
Vaults:1: v_rooms_1, v_misc_17, v_misc_12, v_misc_17,
          nicolae_vaults_little_squares_6, nicolae_vaults_circle_grid_a,
          nicolae_vaults_network_s, nicolae_vaults_border_crossing,
          ontoclasm_vaults_gateway, layout_vaults_omnigrid, uniq_nikola
Vaults:2: ebering_ghost_rock_garden, minmay_crypt_entry_simple_statues,
          nicolae_vaults_ninety_degrees, vaults_dpeg_hooks, v_rooms_2,
          vaults_mumra_minichess_inversion, nicolae_vaults_shelves_hall,
          st_lattice, nicolae_vaults_rhombus_5, layout_vaults_chaotic_city,
          serial_shops, bzr_entry_water, shop, nicolae_shop_crystal,
          nicolae_shop_bloodbath_and_beyond, nicolae_diamond_shop,
          uniq_saint_roka, uniq_margery
Vaults:3: vaults_dpeg_encased_lava, v_misc_27, v_misc_3, v_misc_29, v_pattern_1,
          v_misc_17, ontoclasm_vaults_idyll, v_alt_pattern_3,
          nicolae_vaults_yaktaur_gun_rack, nicolae_vaults_little_squares_1,
          layout_vaults_omnicross
Vaults:4: hellmonk_ghost_happy_afterlife, v_misc_24,
          nicolae_vaults_sealed_display, v_misc_30,
          hangedman_vaults_stretched_pinwheel, nicolae_vaults_little_squares_1,
          v_pattern_4, hangedman_vaults_locks, ontoclasm_vaults_ligature,
          hangedman_vaults_variations, grunt_vaults_hallway_short,
          ontoclasm_vaults_misaligned, v_misc_4, vaults_room_ringed_pool,
          layout_vaults_omnibox, serial_shops, shop
Vaults:5: serial_shops
Depths:1: layout_small_grid, enter_ziggurat_f, abyss_entry,
          nicolae_benzene_ring, hell_entry, minmay_microvault
Depths:2: minmay_skeleton_keep, layout_gridville, pan_entry,
          chequers_serial_rivers_small_3, grunt_hell_entry_demonic_statue,
          nicolae_titane
Depths:3: evilmike_wizard_prison, layout_cave_shapes, pan_entry, hell_entry,
          nicolae_abyss_entry_one_way_or_another, infiniplex_staircase_squiggle,
          grunt_megastairs_1
Depths:4: grunt_zot_entry_tricorne, layout_cave_shapes,
          nicolae_tso_carved_into_rock, hell_entry, kennysheep_random_hallway,
          minmay_shop_grove
Zot:1:    grunt_deathspiral_small, layout_concentric_octagons
Zot:2:    infiniplex_zot_generator, layout_onion_interference
Zot:3:    layout_misc_corridors
Zot:4:    nicolae_moth_party, layout_misc_corridors
Zot:5:    layout_misc_corridors

Skill      XL: |  1  2  3  4  5  6  7  8  9 10 11 12 13 14 15 16 17 18 19 20 21 22 23 24 25 26 |
---------------+-------------------------------------------------------------------------------+-----
Dodging        | 2 3 4 5 6 7 9 10 11 13 14 15 16 17 18 19 20 21 | 21.5
Ranged Weapons | 4 5 6 7 8 9 10 12 13 14 16 17 18 19 21 22 23 24 25 26 | 26.0
Fighting       | 3 4 5 6 7 9 11 12 13 15 16 17 18 19 20 21 22 24 25 26 | 26.0
Invocations    | 5 6 7 8 |  8.0
Evocations     | 4 5 6 9 11 12 13 14 | 14.0
Translocations | 5 6 7 8 10 13 15 | 15.0
Spellcasting   | 3 4 6 7 |  7.0
Hexes          | 2 5 |  5.1
Transmutations | 3 4 |  4.0
Ice Magic      | 3 4 |  4.0
Stealth        | |  0.8

Action                   |  1- 3 |  4- 6 |  7- 9 | 10-12 | 13-15 | 16-18 | 19-21 | 22-24 | 25-27 || total
-------------------------+-------+-------+-------+-------+-------+-------+-------+-------+-------++-------
Melee: Arbalest          |       |       |     3 |       |     4 |       |       |       |       ||     7
 Fire: Shortbow          |    65 |   114 |       |       |       |       |       |       |       ||   179
       Arbalest          |       |    10 |   168 |   419 |   745 |       |       |       |    80 ||  1422
       Triple crossbow   |       |       |       |       |   223 |   541 |   875 |  1107 |   479 ||  3225
 Cast: Blink             |       |       |       |       |       |       |     1 |     2 |       ||     3
       Portal Projectile |       |       |       |       |       |       |     7 |    30 |    19 ||    56
       Ozocubu's Armour  |       |       |       |       |       |       |       |     2 |       ||     2
       Wereblood         |       |       |       |       |       |       |       |     7 |     1 ||     8
       Passage of Golubr |       |       |       |       |       |       |       |     3 |     4 ||     7
       Dispersal         |       |       |       |       |       |       |       |       |     2 ||     2
       Apportation       |       |       |       |       |       |       |       |       |     1 ||     1
Invok: Ancestor Life: Kn |       |     1 |       |       |       |       |       |       |       ||     1
       Recall Ancestor   |       |       |       |     1 |     2 |     4 |     6 |    20 |     8 ||    41
       Ancestor Identity |       |       |       |     1 |       |       |       |       |       ||     1
       Idealise          |       |       |       |       |     7 |     6 |    11 |    16 |     7 ||    47
 Abil: Breathe Fire      |       |       |     1 |     3 |    11 |     5 |    10 |     2 |       ||    32
Evoke: Wand              |       |       |       |     7 |     1 |       |     1 |     1 |     2 ||    12
       Condenser vane    |       |       |       |       |       |       |     3 |     2 |     1 ||     6
       Box of beasts     |       |       |       |       |       |       |     1 |     1 |     2 ||     4
       Phantom mirror    |       |       |       |       |       |       |       |     2 |     3 ||     5
       Phial of floods   |       |       |       |       |       |       |       |       |     1 ||     1
  Use: Scroll            |       |     4 |     3 |    19 |    18 |    12 |     7 |     5 |    13 ||    81
       Potion            |       |       |       |       |     1 |     2 |       |     6 |    13 ||    22
Armor: Skin              |     9 |     9 |     4 |    34 |    85 |    56 |    33 |   122 |    47 ||   399
Dodge: Dodged            |    18 |    23 |    49 |   238 |   616 |   531 |   292 |  1032 |   453 ||  3252
